| TOP OF THE 1ST |
|
Memphis Redbirds batting - Pitching for New Orleans Zephyrs : RHP Jose Velez
|
|
Pitching: RHP Jose Velez
|
|
|
Batting: SHB Luke Robbins
|
0-0: Ball 1-0: DOUBLE (Groundball, 3L, EV 97.5 MPH)
|
|
Batting: LHB Tom Butterbaugh
|
0-0: Ball 1-0: Ball 2-0: Ball 3-0: Called Strike 3-1: Base on Balls
|
|
Batting: LHB Melvin Salgado
|
0-0: SINGLE (Groundball, 56, EV 108.1 MPH) Luke Robbins to third Tom Butterbaugh to second Runner from 3rd tries for Home, SAFE, throw by LF to home
|
|
Batting: SHB Quido van Erp
|
0-0: Ball 1-0: Ball 2-0: SINGLE (Line Drive, 78S, EV 105.0 MPH) Tom Butterbaugh to third Melvin Salgado to second Runner from 3rd tries for Home, SAFE, throw by CF to home
|
|
Batting: RHB Branden Cavalcante
|
0-0: Ball 1-0: Foul Ball, location: 2F 1-1: Foul Ball, location: 2F 1-2: Strikes out looking
|
|
Batting: RHB Josh Hoeye
|
0-0: Called Strike 0-1: Called Strike 0-2: Ball 1-2: Foul Ball, location: 2F 1-2: Foul Ball, location: 2F 1-2: Grounds into double play, 6-4-3 (Groundball, 6, EV 80.6 MPH)
|
| Top of the 1st over - 2 runs, 3 hits, 0 errors, 1 left on base; Memphis 2 - New Orleans 0 |
| BOTTOM OF THE 1ST |
|
New Orleans Zephyrs batting - Pitching for Memphis Redbirds : LHP Nate Crow
|
|
Pitching: LHP Nate Crow
|
|
|
Batting: SHB Ramon Martinez
|
0-0: Swinging Strike 0-1: Ball 1-1: Ball 2-1: Swinging Strike 2-2: Ball 3-2: Strikes out looking
|
|
Batting: RHB Omar Contreras
|
0-0: Ground out 4-3 (Groundball, 4, EV 80.6 MPH)
|
|
Batting: RHB Alex Gomez
|
0-0: Ball 1-0: Ball 2-0: Ball 3-0: Called Strike 3-1: Called Strike 3-2: Foul Ball, location: 2F 3-2: Foul Ball, location: 2F 3-2: Foul Ball, location: 2F 3-2: Foul Ball, location: 2F 3-2: Foul Ball, location: 2F 3-2: Fly out, F8 (Flyball, 8LD, EV 76.9 MPH)
|
| Bottom of the 1st over - 0 runs, 0 hits, 0 errors, 0 left on base; Memphis 2 - New Orleans 0 |
| TOP OF THE 2ND |
|
Memphis Redbirds batting - Pitching for New Orleans Zephyrs : RHP Jose Velez
|
|
Batting: LHB Jesus Ramirez
|
0-0: Ball 1-0: Ball 2-0: Ball 3-0: SINGLE (Groundball, 5L, EV 95.6 MPH) (infield hit)
|
|
Batting: RHB Colin Boddy
|
0-0: Ball 1-0: Fly out, F7 (Flyball, 7LS, EV 78.1 MPH)
|
|
Batting: RHB Nick Getz
|
0-0: Ball 1-0: Called Strike 1-1: Foul Ball, location: 2F 1-2: Ball 2-2: Fly out, F9 (Flyball, 9D, EV 101.9 MPH)
|
|
Batting: SHB Luke Robbins
|
0-0: Swinging Strike 0-1: Foul Ball, location: 2F 0-2: Ball 1-2: Fly out, F7 (Line Drive, 7D, EV 90.6 MPH)
|
| Top of the 2nd over - 0 runs, 1 hit, 0 errors, 1 left on base; Memphis 2 - New Orleans 0 |
| BOTTOM OF THE 2ND |
|
New Orleans Zephyrs batting - Pitching for Memphis Redbirds : LHP Nate Crow
|
|
Batting: RHB Gebre-Giorgios Tikolo
|
0-0: Called Strike 0-1: Swinging Strike 0-2: Ball 1-2: Fly out, F6 (Line Drive, 6, EV 70.6 MPH)
|
|
Batting: RHB Chris Lee
|
0-0: Foul Ball, location: 2F 0-1: Ground out 5-3 (Groundball, 5, EV 106.2 MPH)
|
|
Batting: RHB Humberto Oros
|
0-0: Fly out, F8 (Flyball, 89D, EV 93.8 MPH)
|
| Bottom of the 2nd over - 0 runs, 0 hits, 0 errors, 0 left on base; Memphis 2 - New Orleans 0 |
| TOP OF THE 3RD |
|
Memphis Redbirds batting - Pitching for New Orleans Zephyrs : RHP Jose Velez
|
|
Batting: LHB Tom Butterbaugh
|
0-0: Ball 1-0: Swinging Strike 1-1: Ground out 1-3 (Groundball, 13, EV 68.1 MPH)
|
|
Batting: LHB Melvin Salgado
|
0-0: Foul Ball, location: 2F 0-1: SINGLE (Flyball, 8LS, EV 95.6 MPH)
|
|
Batting: SHB Quido van Erp
|
0-0: Called Strike 0-1: Grounds into double play, 5-4-3 (Groundball, 56, EV 86.9 MPH)
|
| Top of the 3rd over - 0 runs, 1 hit, 0 errors, 0 left on base; Memphis 2 - New Orleans 0 |
| BOTTOM OF THE 3RD |
|
New Orleans Zephyrs batting - Pitching for Memphis Redbirds : LHP Nate Crow
|
|
Batting: RHB Bill de Jesus
|
0-0: Foul Ball, location: 2F 0-1: Called Strike 0-2: Ball 1-2: Ball 2-2: SINGLE (Line Drive, 7S, EV 96.9 MPH)
|
|
Batting: RHB Kyle Ashton
|
0-0: Ball 1-0: Called Strike 1-1: Ball 2-1: Fielders Choice at 2nd, 3-6 (Groundball, 34S, EV 82.5 MPH)
|
|
Batting: RHB John Jackson
|
0-0: Swinging Strike 0-1: Ball 1-1: Grounds into double play, 4-6-3 (Groundball, 34, EV 91.2 MPH)
|
| Bottom of the 3rd over - 0 runs, 1 hit, 0 errors, 0 left on base; Memphis 2 - New Orleans 0 |
| TOP OF THE 4TH |
|
Memphis Redbirds batting - Pitching for New Orleans Zephyrs : RHP Jose Velez
|
|
Batting: RHB Branden Cavalcante
|
0-0: Ball 1-0: Ball 2-0: Swinging Strike 2-1: Ball 3-1: Ground out 6-3 (Groundball, 6M, EV 101.2 MPH)
|
|
Batting: RHB Josh Hoeye
|
0-0: Called Strike 0-1: Ball 1-1: Ball 2-1: Foul Ball, location: 2F 2-2: Ground out 6-3 (Groundball, 6, EV 84.4 MPH)
|
|
Batting: LHB Jesus Ramirez
|
0-0: Ball 1-0: Foul Ball, location: 2F 1-1: Ball 2-1: Ground out 4-3 (Groundball, 34, EV 87.5 MPH)
|
| Top of the 4th over - 0 runs, 0 hits, 0 errors, 0 left on base; Memphis 2 - New Orleans 0 |
| BOTTOM OF THE 4TH |
|
New Orleans Zephyrs batting - Pitching for Memphis Redbirds : LHP Nate Crow
|
|
Batting: SHB Ramon Martinez
|
0-0: Ball 1-0: Called Strike 1-1: Foul Ball, location: 2F 1-2: Ball 2-2: Strikes out swinging
|
|
Batting: RHB Omar Contreras
|
0-0: Fly out, F7 (Flyball, 7LM, EV 94.4 MPH)
|
|
Batting: RHB Alex Gomez
|
0-0: Called Strike 0-1: Called Strike 0-2: Ball 1-2: Strikes out swinging
|
| Bottom of the 4th over - 0 runs, 0 hits, 0 errors, 0 left on base; Memphis 2 - New Orleans 0 |
| TOP OF THE 5TH |
|
Memphis Redbirds batting - Pitching for New Orleans Zephyrs : RHP Jose Velez
|
|
Batting: RHB Colin Boddy
|
0-0: Ball 1-0: Foul Ball, location: 2F 1-1: Ball 2-1: Foul Ball, location: 2F 2-2: Ball 3-2: DOUBLE (Groundball, 3L, EV 110.6 MPH)
|
|
Batting: RHB Nick Getz
|
0-0: Ball 1-0: Called Strike 1-1: Ball 2-1: Ball 3-1: Swinging Strike 3-2: Strikes out swinging
|
|
Batting: SHB Luke Robbins
|
0-0: Called Strike 0-1: Called Strike 0-2: Ball 1-2: Strikes out swinging
|
|
Pitching: RHP David Laska
|
|
|
Batting: LHB Tom Butterbaugh
|
0-0: Ball 1-0: Ball 2-0: Ball 3-0: Called Strike 3-1: Base on Balls
|
|
Batting: LHB Melvin Salgado
|
0-0: Swinging Strike 0-1: Ball 1-1: Ball 2-1: Fly out, F4 (Popup, 4, EV 71.2 MPH)
|
| Top of the 5th over - 0 runs, 1 hit, 0 errors, 2 left on base; Memphis 2 - New Orleans 0 |
| BOTTOM OF THE 5TH |
|
New Orleans Zephyrs batting - Pitching for Memphis Redbirds : LHP Nate Crow
|
|
Batting: RHB Gebre-Giorgios Tikolo
|
0-0: Ground out 6-3 (Groundball, 6, EV 106.9 MPH)
|
|
Batting: RHB Chris Lee
|
0-0: Ball 1-0: Foul Ball, location: 2F 1-1: Ground out U3 (Groundball, 34, EV 81.9 MPH)
|
|
Batting: RHB Humberto Oros
|
0-0: Fly out, F4 (Popup, 4S, EV 78.8 MPH)
|
| Bottom of the 5th over - 0 runs, 0 hits, 0 errors, 0 left on base; Memphis 2 - New Orleans 0 |
| TOP OF THE 6TH |
|
Memphis Redbirds batting - Pitching for New Orleans Zephyrs : RHP David Laska
|
|
Batting: SHB Quido van Erp
|
0-0: Ball 1-0: Swinging Strike 1-1: SINGLE (Flyball, 89S, EV 88.1 MPH)
|
|
Batting: RHB Branden Cavalcante
|
0-0: Ball 1-0: Called Strike Quido van Erp steals 2nd base 1-1: Foul Ball, location: 2F 1-2: Foul Ball, location: 2F 1-2: SINGLE (Line Drive, 9S, EV 100.6 MPH) Quido van Erp to third
|
|
Batting: RHB Josh Hoeye
|
0-0: Called Strike Branden Cavalcante is caught stealing 2nd base 2-4 0-1: Foul Ball, location: 2F 0-2: Fly out, F9 (Flyball, 9D, EV 90.0 MPH)
|
|
Pitching: RHP Mike Myers
|
|
|
Batting: LHB Jesus Ramirez
|
0-0: Fly out, F9 (Flyball, 9S, EV 86.9 MPH)
|
| Top of the 6th over - 0 runs, 2 hits, 0 errors, 1 left on base; Memphis 2 - New Orleans 0 |
| BOTTOM OF THE 6TH |
|
New Orleans Zephyrs batting - Pitching for Memphis Redbirds : LHP Nate Crow
|
|
Batting: RHB Bill de Jesus
|
0-0: Ball 1-0: Ball 2-0: Called Strike 2-1: Ball 3-1: DOUBLE (Groundball, 5L, EV 105.0 MPH)
|
|
Batting: RHB Kyle Ashton
|
0-0: Ball 1-0: Foul Ball, location: 2F 1-1: Foul Ball, location: 2F 1-2: Foul Ball, location: 2F 1-2: Ball 2-2: Foul Ball, location: 2F 2-2: Strikes out swinging
|
|
Batting: RHB John Jackson
|
0-0: Ball 1-0: Called Strike 1-1: Ball 2-1: Called Strike 2-2: Strikes out swinging
|
|
Batting: SHB Ramon Martinez
|
0-0: Called Strike 0-1: Foul Ball, location: 2F 0-2: Strikes out looking
|
| Bottom of the 6th over - 0 runs, 1 hit, 0 errors, 1 left on base; Memphis 2 - New Orleans 0 |
| TOP OF THE 7TH |
|
Memphis Redbirds batting - Pitching for New Orleans Zephyrs : RHP Mike Myers
|
|
Batting: RHB Colin Boddy
|
0-0: Foul Ball, location: 2F 0-1: Called Strike 0-2: Ground out 5-3 (Groundball, 56S, EV 64.4 MPH)
|
|
Batting: RHB Nick Getz
|
0-0: Called Strike 0-1: Swinging Strike 0-2: Ball 1-2: Ball 2-2: Ball 3-2: Foul Ball, location: 2F 3-2: Base on Balls
|
|
Batting: SHB Luke Robbins
|
0-0: Fielders Choice at 2nd, 6-4 (Groundball, 6, EV 102.5 MPH)
|
|
Batting: LHB Tom Butterbaugh
|
0-0: Called Strike 0-1: Foul Ball, location: 2F 0-2: Ball 1-2: Strikes out swinging
|
| Top of the 7th over - 0 runs, 0 hits, 0 errors, 1 left on base; Memphis 2 - New Orleans 0 |
| BOTTOM OF THE 7TH |
|
New Orleans Zephyrs batting - Pitching for Memphis Redbirds : LHP Nate Crow
|
|
Batting: RHB Omar Contreras
|
0-0: Called Strike 0-1: Foul Ball, location: 2F 0-2: Ball 1-2: Ball 2-2: Strikes out swinging
|
|
Batting: RHB Alex Gomez
|
0-0: SOLO HOME RUN (Flyball, 7D, EV 106.2 MPH), Distance : 408 ft
|
|
Batting: RHB Gebre-Giorgios Tikolo
|
0-0: Ball 1-0: Ball 2-0: Called Strike 2-1: Called Strike 2-2: Fly out, F7 (Line Drive, 7, EV 95.0 MPH)
|
|
Batting: RHB Chris Lee
|
0-0: Foul Ball, location: 2F 0-1: Swinging Strike 0-2: Ball 1-2: Foul Ball, location: 2F 1-2: Strikes out swinging
|
| Bottom of the 7th over - 1 run, 1 hit, 0 errors, 0 left on base; Memphis 2 - New Orleans 1 |
| TOP OF THE 8TH |
|
Memphis Redbirds batting - Pitching for New Orleans Zephyrs : RHP Mike Myers
|
|
Pitching: RHP Mike Powell
|
|
|
Batting: LHB Melvin Salgado
|
0-0: Ball 1-0: Ball 2-0: Foul Ball, location: 2F 2-1: Foul Ball, location: 2F 2-2: Fly out, F8 (Flyball, 8RM, EV 86.9 MPH)
|
|
Batting: SHB Quido van Erp
|
0-0: Foul Ball, location: 2F 0-1: Foul Ball, location: 2F 0-2: Ball 1-2: Ball 2-2: Ball 3-2: Strikes out swinging
|
|
Batting: RHB Branden Cavalcante
|
0-0: Foul Ball, location: 2F 0-1: Swinging Strike 0-2: Foul Ball, location: 2F 0-2: Fly out, F8 (Flyball, 8RD, EV 76.9 MPH)
|
| Top of the 8th over - 0 runs, 0 hits, 0 errors, 0 left on base; Memphis 2 - New Orleans 1 |
| BOTTOM OF THE 8TH |
|
New Orleans Zephyrs batting - Pitching for Memphis Redbirds : LHP Nate Crow
|
|
Batting: RHB Humberto Oros
|
0-0: Fly out, F4 (Popup, 34, EV 51.2 MPH)
|
|
Batting: RHB Bill de Jesus
|
0-0: Called Strike 0-1: SINGLE (Groundball, 56D, EV 96.2 MPH)
|
|
Pinch Hitting: RHB Greg Herzig
|
0-0: DOUBLE (Flyball, 78D, EV 96.2 MPH) Bill de Jesus to third
|
|
Batting: RHB John Jackson
|
0-0: Foul Ball, location: 2F 0-1: Ball 1-1: Called Strike 1-2: Ball 2-2: Strikes out swinging
|
|
Pitching: RHP Rodolfo Mendez
|
|
|
Batting: SHB Ramon Martinez
|
0-0: Swinging Strike 0-1: Ball 1-1: Foul Ball, location: 2F 1-2: Strikes out looking
|
| Bottom of the 8th over - 0 runs, 2 hits, 0 errors, 2 left on base; Memphis 2 - New Orleans 1 |
| TOP OF THE 9TH |
|
Memphis Redbirds batting - Pitching for New Orleans Zephyrs : RHP Mike Powell
|
|
Now in CF: Jesus Castillo
|
|
|
Pinch Hitting: LHB Tim Olsen
|
0-0: Called Strike 0-1: Swinging Strike 0-2: Strikes out swinging
|
|
Batting: LHB Jesus Ramirez
|
0-0: DOUBLE (Flyball, 89D, EV 108.1 MPH)
|
|
Batting: RHB Colin Boddy
|
0-0: Swinging Strike 0-1: Foul Ball, location: 2F 0-2: DOUBLE (Groundball, 3L, EV 101.9 MPH) Jesus Ramirez scores
|
|
Batting: RHB Nick Getz
|
0-0: Ball 1-0: Ball Wild Pitch! Colin Boddy to third 2-0: Ball 3-0: Called Strike 3-1: Foul Ball, location: 2F 3-2: Base on Balls
|
|
Batting: SHB Luke Robbins
|
0-0: Ball 1-0: Ball 2-0: Called Strike 2-1: Ball 3-1: Base on Balls Nick Getz to second
|
|
Batting: LHB Tom Butterbaugh
|
0-0: Ball 1-0: Ball 2-0: SINGLE (Groundball, 4, EV 105.6 MPH) (infield hit) Colin Boddy scores Nick Getz to third Luke Robbins to second
|
|
Batting: LHB Melvin Salgado
|
0-0: Ball 1-0: Swinging Strike 1-1: Swinging Strike 1-2: Strikes out swinging
|
|
Batting: SHB Quido van Erp
|
0-0: Ball 1-0: Called Strike 1-1: Ball 2-1: Fly out, F4 (Popup, 4MD, EV 55.0 MPH)
|
| Top of the 9th over - 2 runs, 3 hits, 0 errors, 3 left on base; Memphis 4 - New Orleans 1 |
| BOTTOM OF THE 9TH |
|
New Orleans Zephyrs batting - Pitching for Memphis Redbirds : RHP Rodolfo Mendez
|
|
Now at 1B: Tony Mendez
|
|
|
Batting: RHB Omar Contreras
|
0-0: Fly out, F6 (Line Drive, 6, EV 68.1 MPH)
|
|
Batting: RHB Alex Gomez
|
0-0: Ball 1-0: Called Strike 1-1: Ground out 6-3 (Groundball, 56, EV 81.2 MPH)
|
|
Batting: RHB Gebre-Giorgios Tikolo
|
0-0: Ball 1-0: Ball 2-0: Foul Ball, location: 2F 2-1: Ball 3-1: Base on Balls
|
|
Batting: RHB Chris Lee
|
0-0: Ball 1-0: Called Strike 1-1: Called Strike 1-2: Ball 2-2: Strikes out looking
|
| Bottom of the 9th over - 0 runs, 0 hits, 0 errors, 1 left on base; Memphis 4 - New Orleans 1 |
|